 Dungeon Crawl Stone Soup version 0.31-a0-221-gbddc013574 (webtiles) character file.

Game seed: 10062060778051354907

353 qw the Chopper (level 6, -1/38 HPs)
             Began as a Gargoyle Fighter on July 3, 2023.
             Slain by Pikel
             ... wielding a +1 whip of freezing
              (3 damage)
             ... on level 4 of the Dungeon.
             The game lasted 00:01:33 (2422 turns).

qw the Chopper (Gargoyle Fighter)                   Turns: 2422, Time: 00:01:34

Health: -1/38      AC: 18    Str: 22    XL:     6   Next: 62%
Magic:  6/6        EV:  6    Int:  8    God:
Gold:   130        SH:  4    Dex:  9    Spells: 5/5 levels left

rFire   . . .        Y - +0 war axe
rCold   . . .        c - +0 buckler
rNeg    + . .        n - +0 plate armour
rPois   inf          h - +0 helmet
rElec   +            p - +0 cloak
rCorr   .            (no gloves)
SInv    .            (no boots)
Will    .....        (no amulet) Stlth
                     (no ring)
HPRegen 0.26/turn    (no ring)
MPRegen 0.10/turn

%: no passive effects
@: about to teleport
A: sickness immunity, AC +4, negative energy resistance 1, electricity
resistance, torment resistance 1, petrification resistance
a: no special abilities


You were on level 4 of the Dungeon.
You visited 1 branch of the dungeon, and saw 4 of its levels.

You collected 130 gold pieces.


Innate Abilities, Weirdness & Mutations

You are immune to sickness and miasma.
Your stone body is resilient. (AC +4)
You are immune to poison.
You resist negative energy. (rN+)
You are resistant to electric shocks. (rElec)
You are resistant to unholy torment.
You are immune to petrification.


   Skills:
 - Level 4.0 Fighting
 + Level 5.9 Axes
 - Level 3.2 Armour
 - Level 3.2 Shields


You had 5 spell levels left.
You didn't know any spells.
Your spell library was empty.

Inventory:

Hand Weapons
 m - the +10 whip "Heosichi" {speed, rN+ Int+3}
   (You found it on level 3 of the Dungeon)

   Int:       It affects your intelligence (+3).
   rN:        It protects you from negative energy.
 Y - a +0 war axe (weapon)
Armour
 c - a +0 buckler (worn)
 h - a +0 helmet (worn)
 n - a +0 plate armour (worn)
 p - a +0 cloak (worn)
Scrolls
 b - a scroll of immolation {unknown}
 l - 2 scrolls of teleportation
Potions
 a - a potion of curing {unknown}
 d - 2 potions of might
 f - a potion of lignification {unknown}
 i - a potion of attraction
 j - a potion of enlightenment {unknown}
 k - a potion of resistance {unknown}

Dungeon Overview and Level Annotations

Branches:
Dungeon (4/15)             Temple (0/1) D:4

Altars:
Wu Jian

Shops:
D:3 :

Annotations:
D:3 1 runed translucent door, Crazy Yiuf
D:4 Pikel


Message History

Pikel hits you with a +1 whip of freezing.
Pikel freezes you.
The lemure moves out of view.
You hit Pikel.
Pikel is lightly wounded.
Pikel hits you but does no damage.
Pikel says, "You'll make a fine lemure."
Pikel hits you with a +1 whip of freezing.
Pikel freezes you.
You barely miss Pikel.
Pikel is lightly wounded.
Pikel hits you but does no damage.
Pikel says, "It's all about the gold, really."
Pikel hits you but does no damage.
You barely miss Pikel.
Pikel is lightly wounded.
Pikel hits you but does no damage.
You hit Pikel.
Pikel is lightly wounded.
Pikel hits you with a +1 whip of freezing!
Pikel freezes you.
Pikel hits you with a +1 whip of freezing.
Pikel freezes you.
You hit Pikel.
Pikel is lightly wounded.
Pikel hits you with a +1 whip of freezing.
Pikel freezes you. Pikel hits you but does no damage.
You completely miss Pikel.
Pikel is lightly wounded.
Pikel hits you with a +1 whip of freezing.
Pikel freezes you. Pikel closely misses you.
2421 ||| READING 3 scrolls of teleportation.
As you read the scroll of teleportation, it crumbles to dust.
You feel strangely unstable. Pikel completely misses you.
You slash Pikel!
Pikel is heavily wounded.
You hear a shout!
Pikel hits you with a +1 whip of freezing.
Pikel freezes you.
You die...

###. . ..... ## .. ##..>
. ..> #.... 5#....+
...###5.....# # ###:K5#
..# #.#.#..@####..##
...............#
.#.#...........#
#.............#
#....##.####.##
#################.####.##
...##....##..............
....)....................
.........................


You could see Pikel (fast) and 3 lemures.

Vanquished Creatures
  Sigmund (D:3)
  A sleepcap (D:4)
  An orc wizard (D:3)
  Robin (D:2)
  4 adders
  2 worms
  A dart slug (D:3)
  6 orcs (D:3)
  6 bats
  4 endoplasms
  2 giant cockroaches
  8 hobgoblins
  4 jackals (D:4)
  5 kobolds
  7 quokkas
  6 ball pythons
  3 frilled lizards
  14 goblins
  3 rats
79 creatures vanquished.

Notes
Turn   | Place    | Note
-------+----------+-------------------------------------------
     0 | D:1      | qw the Gargoyle Fighter began the quest for the Orb.
     0 | D:1      | Reached XP level 1. HP: 14/14 MP: 1/1
     0 | D:1      | 0 ||| qw: Version: 0.3-a-40-ge99b1a8
     0 | D:1      | 0 ||| qw: Game counter: 568
     0 | D:1      | 0 ||| qw: Melee chars always use a shield: true
     0 | D:1      | 0 ||| qw: God list: Okawaru
     0 | D:1      | 0 ||| qw: Allow faded altars: false
     0 | D:1      | 0 ||| qw: Do Orc after clearing Dungeon:15 true
     0 | D:1      | 0 ||| qw: Do second Lair branch before Depths: true
     0 | D:1      | 0 ||| qw: Lair rune preference: random
     0 | D:1      | 0 ||| qw: Goals: Normal, Zot:1-4, Slime:5, God:TSO, Crypt,
                  | Tomb, Abyss, Pan, Hells, Win
     0 | D:1      | 0 ||| PLANNING D:1-11
    68 | D:1      | Reached skill level 2 in Axes
    76 | D:1      | Reached XP level 2. HP: 13/19 MP: 2/2
   294 | D:1      | 294 ||| DROPPING +0 club.
   355 | D:1      | Reached skill level 3 in Axes
   394 | D:1      | Reached XP level 3. HP: 23/23 MP: 3/3
   523 | D:1      | 523 ||| UPGRADING to +0 chain mail.
   533 | D:1      | 533 ||| DROPPING +0 scale mail.
   534 | D:1      | 534 ||| READING scroll labelled NOL JIODWOME.
   537 | D:1      | 537 ||| READING scroll labelled MIP GEWKUEPHEK.
   553 | D:1      | 553 ||| READING scroll labelled XIGEGADWYE.
   568 | D:2      | 568 ||| Stepping ~*~*~tactically~*~*~ (stealth).
   667 | D:2      | Found an ornate altar of the Wu Jian Council.
   675 | D:2      | 675 ||| DROPPING +0 whip.
   715 | D:2      | 715 ||| Stepping ~*~*~tactically~*~*~ (stealth).
   716 | D:2      | 716 ||| Stepping ~*~*~tactically~*~*~ (stealth).
   725 | D:2      | 725 ||| Stepping ~*~*~tactically~*~*~ (stealth).
   727 | D:2      | 727 ||| Stepping ~*~*~tactically~*~*~ (stealth).
   729 | D:2      | 729 ||| Stepping ~*~*~tactically~*~*~ (hiding).
   853 | D:2      | Noticed Robin
   855 | D:2      | Reached XP level 4. HP: 22/28 MP: 4/4
   864 | D:2      | Killed Robin
   865 | D:2      | Reached skill level 4 in Axes
   867 | D:2      | HP: 6/28 [goblin/+0 club[Robin] (4)]
  1118 | D:2      | 1118 ||| UPGRADING to +0 helmet.
  1123 | D:2      | 1123 ||| READING scroll labelled LYWOPP IPLAOLA.
  1124 | D:2      | 1124 ||| READING scroll labelled BOWIUTZYXY.
  1225 | D:2      | 1225 ||| DRINKING 2 amethyst potions.
  1384 | D:3      | 1384 ||| Stepping ~*~*~tactically~*~*~ (stealth).
  1390 | D:3      | 1390 ||| Stepping ~*~*~tactically~*~*~ (stealth).
  1391 | D:3      | 1391 ||| Stepping ~*~*~tactically~*~*~ (stealth).
  1460 | D:3      | Identified the +10 whip "Heosichi" {speed, rN+ Int+3}
  1462 | D:3      | 1462 ||| DROPPING +0 mace.
  1639 | D:3      | Noticed Sigmund
  1656 | D:3      | Killed Sigmund
  1657 | D:3      | Reached skill level 5 in Axes
  1657 | D:3      | Reached XP level 5. HP: 31/32 MP: 5/5
  1657 | D:3      | Reached XP level 6. HP: 36/37 MP: 6/6
  1720 | D:3      | 1720 ||| Stepping ~*~*~tactically~*~*~ (hiding).
  1744 | D:3      | 1744 ||| Stepping ~*~*~tactically~*~*~ (stealth).
  1788 | D:3      | 1788 ||| Stepping ~*~*~tactically~*~*~ (stealth).
  1956 | D:3      | 1956 ||| Stepping ~*~*~tactically~*~*~ (stealth).
  1998 | D:3      | Found a runed translucent door.
  1999 | D:3      | Noticed Crazy Yiuf
  2050 | D:3      | Found Urevvo Ilo's Book Shoppe.
  2193 | D:3      | 2193 ||| UPGRADING to +0 plate armour.
  2203 | D:3      | 2203 ||| DROPPING +0 chain mail.
  2204 | D:3      | 2204 ||| UPGRADING to +0 cloak.
  2209 | D:3      | 2209 ||| READING 2 scrolls labelled ICHEV YKIUVA.
  2210 | D:3      | 2210 ||| READING scroll labelled MITEMO WASTOA.
  2211 | D:3      | 2211 ||| READING scroll labelled URUMIO NOUCI.
  2212 | D:3      | 2212 ||| DROPPING scroll of poison.
  2403 | D:4      | Found a staircase to the Ecumenical Temple.
  2404 | D:4      | 2404 ||| PLANNING TEMPLE
  2406 | D:4      | Noticed Pikel
  2420 | D:4      | HP: 8/38 [Pikel/+1 whip of freezing (6)]
  2421 | D:4      | 2421 ||| READING 3 scrolls of teleportation.
  2422 | D:4      | HP: 2/38 [Pikel/+1 whip of freezing (5)]
  2422 | D:4      | Slain by Pikel

Levels and vault maps discovered:
D:1:      nagdon_arrival_double_spiral, layout_rooms
D:2:      layout_rooms, basic_altar, uniq_robin
D:3:      layout_basic, serial_shops, shop, roderic_lattice_a,
          uniq_crazy_yiuf_cottage, uniq_sigmund
D:4:      layout_gridville, nicolae_qazlal_beasts_of_the_sky,
          minmay_temple_entry_slanted, uniq_pikel

Skill      XL: |  1  2  3  4  5  6 |
---------------+-------------------+-----
Axes           | 2 3 5 |  5.9
Fighting       | 4 |  4.0
Armour         | |  3.2
Shields        | |  3.2

Action                     |  1- 3 |  4- 6 || total
---------------------------+-------+-------++-------
  Melee: War axe           |    67 |   141 ||   208
  Throw: Boomerang         |    14 |       ||    14
    Use: Scroll            |     3 |     6 ||     9
         Potion            |       |     1 ||     1
 Armour: Scale mail        |    17 |       ||    17
         Chain mail        |    12 |    76 ||    88
         Plate armour      |       |    25 ||    25
  Dodge: Dodged            |    27 |    71 ||    98
  Block: Buckler           |    14 |    13 ||    27

Table legend:
 A = Non-vault XP
 B = Vault XP
 C = Vault XP percentage of total XP
 D = Non-vault monster count
 E = Vault monster count
 F = Vault count percentage of total count
                 A         B        C        D         E       F
            +---------+---------+-------+---------+---------+-------
      Total |     244 |     261 |  51.7 |      66 |      13 |  16.5
            +---------+---------+-------+---------+---------+-------
        D:1 |      37 |       0 |   0.0 |      21 |       0 |   0.0
        D:2 |      37 |      38 |  50.7 |      13 |      12 |  48.0
        D:3 |     104 |     223 |  68.2 |      23 |       1 |   4.2
        D:4 |      66 |       0 |   0.0 |       9 |       0 |   0.0
            +---------+---------+-------+---------+---------+-------
